TOP OF THE 1ST |
University of Maine Black Bears batting - Pitching for University of Miami Hurricanes : RHP Artemio Santiago
|
Pitching: RHP Artemio Santiago
|
|
Batting: RHB Frank Gould
|
0-0: Ball 1-0: Foul Ball, location: 2F 1-1: Foul Ball, location: 2F 1-2: Ball 2-2: Foul Ball, location: 2F 2-2: Strikes out swinging
|
Batting: SHB Ron Handford
|
0-0: Ball 1-0: Ball 2-0: Called Strike 2-1: Ball 3-1: Foul Ball, location: 2F 3-2: Fly out, F8 (Flyball, 8LM, EV 93.1 MPH)
|
Batting: RHB Dave MacAulay
|
0-0: Called Strike 0-1: Ball 1-1: Swinging Strike 1-2: Foul Ball, location: 2F 1-2: Ball 2-2: Strikes out swinging
|
Top of the 1st over - 0 runs, 0 hits, 0 errors, 0 left on base; University of Maine 0 - University of Miami 0 |
BOTTOM OF THE 1ST |
University of Miami Hurricanes batting - Pitching for University of Maine Black Bears : LHP Al Sisneros
|
Pitching: LHP Al Sisneros
|
|
Batting: RHB Tu Vo
|
0-0: Ground out 6-3 (Groundball, 6, EV 81.9 MPH)
|
Batting: LHB Jose Lopez
|
0-0: Ground out 1-3 (Groundball, 15S, EV 63.1 MPH)
|
Batting: RHB Luis Sanchez
|
0-0: Called Strike 0-1: Swinging Strike 0-2: Ball 1-2: Ball 2-2: Ball 3-2: Base on Balls
|
Batting: RHB Sam Costello
|
0-0: Ball 1-0: Ball 2-0: Called Strike 2-1: Ball 3-1: Ground out 5-3 (Groundball, 5S, EV 85.0 MPH)
|
Bottom of the 1st over - 0 runs, 0 hits, 0 errors, 1 left on base; University of Maine 0 - University of Miami 0 |
TOP OF THE 2ND |
University of Maine Black Bears batting - Pitching for University of Miami Hurricanes : RHP Artemio Santiago
|
Batting: LHB John Bergeron
|
0-0: Ball 1-0: Foul Ball, location: 2F 1-1: Foul Ball, location: 2F 1-2: Strikes out looking
|
Batting: RHB Rewa Havika
|
0-0: Fly out, F8 (Flyball, 8RD, EV 98.8 MPH)
|
Batting: RHB Geoffrey Gonzalez
|
0-0: Ball 1-0: Foul Ball, location: 2F 1-1: Swinging Strike 1-2: Ball 2-2: Strikes out swinging
|
Top of the 2nd over - 0 runs, 0 hits, 0 errors, 0 left on base; University of Maine 0 - University of Miami 0 |
BOTTOM OF THE 2ND |
University of Miami Hurricanes batting - Pitching for University of Maine Black Bears : LHP Al Sisneros
|
Batting: RHB Leonardo Morales
|
0-0: Ball 1-0: Ball 2-0: Ball 3-0: Called Strike 3-1: Base on Balls
|
Batting: RHB C.J. Fleet
|
0-0: Called Strike 0-1: Foul Ball, location: 2F 0-2: Ball 1-2: Ball 2-2: Foul Ball, location: 2F 2-2: Ball 3-2: Foul Ball, location: 2F 3-2: Foul Ball, location: 2F 3-2: Base on Balls Leonardo Morales to second
|
Batting: LHB Juan Zuniga
|
0-0: Called Strike 0-1: Ball 1-1: Swinging Strike 1-2: Ball 2-2: Ball 3-2: Base on Balls Leonardo Morales to third C.J. Fleet to second
|
Batting: LHB Addergoole Kartosuwiryo
|
0-0: Ball 1-0: Ball 2-0: Swinging Strike 2-1: Fly out, F7 (Flyball, 7D, EV 101.2 MPH) Runner from 3rd tags up, SCORES, throw by LF C.J. Fleet to third
|
Batting: RHB Justin Jackson
|
0-0: Foul Ball, location: 2F 0-1: Ball 1-1: Ground out 4-3 (Groundball, 34, EV 78.1 MPH) C.J. Fleet scores Juan Zuniga to second
|
Batting: RHB Tu Vo
|
0-0: Swinging Strike 0-1: Called Strike 0-2: Ball 1-2: Ball 2-2: Foul Ball, location: 2F 2-2: Strikes out looking
|
Bottom of the 2nd over - 2 runs, 0 hits, 0 errors, 1 left on base; University of Maine 0 - University of Miami 2 |
TOP OF THE 3RD |
University of Maine Black Bears batting - Pitching for University of Miami Hurricanes : RHP Artemio Santiago
|
Batting: RHB Justin Degon
|
0-0: Ball 1-0: Called Strike 1-1: SINGLE (Groundball, 56S, EV 67.5 MPH) (infield hit)
|
Batting: RHB Wang Huan
|
0-0: Called Strike Justin Degon steals 2nd base 0-1: Ball 1-1: Foul Ball, location: 2F 1-2: Strikes out swinging
|
Batting: RHB Bryan Douglas
|
0-0: Called Strike 0-1: Called Strike 0-2: Strikes out swinging
|
Batting: RHB Frank Gould
|
0-0: Ball 1-0: Ball 2-0: 2-RUN HOME RUN (Flyball, 78XD, EV 99.4 MPH), Distance : 390 ft
|
Batting: SHB Ron Handford
|
0-0: Ground out 4-3 (Groundball, 4, EV 90.6 MPH)
|
Top of the 3rd over - 2 runs, 2 hits, 0 errors, 0 left on base; University of Maine 2 - University of Miami 2 |
BOTTOM OF THE 3RD |
University of Miami Hurricanes batting - Pitching for University of Maine Black Bears : LHP Al Sisneros
|
Batting: LHB Jose Lopez
|
0-0: Ball 1-0: Ground out 5-3 (Groundball, 56S, EV 65.0 MPH)
|
Batting: RHB Luis Sanchez
|
0-0: Ball 1-0: Called Strike 1-1: Foul Ball, location: 2F 1-2: Ball 2-2: Ball 3-2: Foul Ball, location: 2F 3-2: Base on Balls
|
Batting: RHB Sam Costello
|
0-0: Ball 1-0: Foul Ball, location: 2F 1-1: Called Strike 1-2: Grounds into double play, 4-6-3 (Groundball, 4, EV 88.8 MPH)
|
Bottom of the 3rd over - 0 runs, 0 hits, 0 errors, 0 left on base; University of Maine 2 - University of Miami 2 |
TOP OF THE 4TH |
University of Maine Black Bears batting - Pitching for University of Miami Hurricanes : RHP Artemio Santiago
|
Batting: RHB Dave MacAulay
|
0-0: Called Strike 0-1: Ball 1-1: SINGLE (Groundball, 34D, EV 111.2 MPH)
|
Batting: LHB John Bergeron
|
0-0: Called Strike Dave MacAulay is caught stealing 2nd base 2-6 0-1: Swinging Strike 0-2: Ball 1-2: Strikes out swinging
|
Batting: RHB Rewa Havika
|
0-0: Ball 1-0: Foul Ball, location: 2F 1-1: Called Strike 1-2: Foul Ball, location: 2F 1-2: Fly out, F6 (Popup, 6, EV 65.6 MPH)
|
Top of the 4th over - 0 runs, 1 hit, 0 errors, 0 left on base; University of Maine 2 - University of Miami 2 |
BOTTOM OF THE 4TH |
University of Miami Hurricanes batting - Pitching for University of Maine Black Bears : LHP Al Sisneros
|
Batting: RHB Leonardo Morales
|
0-0: Ball 1-0: Reached on error, E5 (Groundball, 56, EV 108.8 MPH)
|
Batting: RHB C.J. Fleet
|
0-0: Ball 1-0: SINGLE (Flyball, 7LS, EV 91.2 MPH) Leonardo Morales to third
|
Pitching: RHP Jim Hodder
|
|
Batting: LHB Juan Zuniga
|
0-0: Foul Ball, location: 2F 0-1: Foul Ball, location: 2F 0-2: Strikes out looking
|
Batting: LHB Addergoole Kartosuwiryo
|
0-0: Ball 1-0: Foul Ball, location: 2F 1-1: Swinging Strike 1-2: Foul Ball, location: 2F 1-2: Ball 2-2: Foul Ball, location: 2F 2-2: Ball 3-2: Fielders Choice at 2nd, 3-6 (Groundball, 23, EV 85.6 MPH) Leonardo Morales scores
|
Batting: RHB Justin Jackson
|
0-0: Called Strike Addergoole Kartosuwiryo is caught stealing 2nd base 2-4
|
Bottom of the 4th over - 1 run, 1 hit, 1 error, 0 left on base; University of Maine 2 - University of Miami 3 |
TOP OF THE 5TH |
University of Maine Black Bears batting - Pitching for University of Miami Hurricanes : RHP Artemio Santiago
|
Batting: RHB Geoffrey Gonzalez
|
0-0: Ball 1-0: Ground out 5-3 (Groundball, 25, EV 68.8 MPH)
|
Batting: RHB Justin Degon
|
0-0: Ball 1-0: TRIPLE (Line Drive, 78XD, EV 111.9 MPH)
|
Batting: RHB Wang Huan
|
0-0: Ground out 4-3 (Groundball, 34, EV 85.6 MPH)
|
Batting: RHB Bryan Douglas
|
0-0: Called Strike 0-1: Foul Ball, location: 2F 0-2: Ball 1-2: Foul Ball, location: 2F 1-2: Fly out, F9 (Flyball, 9, EV 96.9 MPH)
|
Top of the 5th over - 0 runs, 1 hit, 0 errors, 1 left on base; University of Maine 2 - University of Miami 3 |
BOTTOM OF THE 5TH |
University of Miami Hurricanes batting - Pitching for University of Maine Black Bears : RHP Jim Hodder
|
Batting: RHB Justin Jackson
|
0-0: Ball 1-0: Ball 2-0: Foul Ball, location: 2F 2-1: Ball 3-1: Base on Balls
|
Batting: RHB Tu Vo
|
0-0: Ball 1-0: Ball 2-0: Ball 3-0: Called Strike 3-1: Base on Balls Justin Jackson to second
|
Batting: LHB Jose Lopez
|
0-0: Ball 1-0: Foul Ball, location: 2F 1-1: Ball 2-1: Ball 3-1: Foul Ball, location: 2F 3-2: Strikes out looking
|
Batting: RHB Luis Sanchez
|
0-0: Ball 1-0: Called Strike 1-1: SINGLE (Groundball, 6MD, EV 95.0 MPH) Justin Jackson to third Tu Vo to second
|
Batting: RHB Sam Costello
|
0-0: Ball 1-0: Ball 2-0: Grounds into fielders choice 6-2 (Groundball, 6, EV 90.6 MPH) Tu Vo to third Luis Sanchez to second
|
Batting: RHB Leonardo Morales
|
0-0: Ball 1-0: Fly out, F4 (Line Drive, 6M, EV 71.9 MPH)
|
Bottom of the 5th over - 0 runs, 1 hit, 0 errors, 3 left on base; University of Maine 2 - University of Miami 3 |
TOP OF THE 6TH |
University of Maine Black Bears batting - Pitching for University of Miami Hurricanes : RHP Artemio Santiago
|
Batting: RHB Frank Gould
|
0-0: Ball 1-0: Called Strike 1-1: Foul Ball, location: 2F 1-2: Strikes out swinging
|
Batting: SHB Ron Handford
|
0-0: Ball 1-0: Ball 2-0: Called Strike 2-1: Ball 3-1: Foul Ball, location: 2F 3-2: Base on Balls
|
Batting: RHB Dave MacAulay
|
0-0: Swinging Strike 0-1: Ball 1-1: Called Strike Ron Handford is caught stealing 2nd base 2-4 1-2: SINGLE (Line Drive, 9LS, EV 93.1 MPH)
|
Pitching: LHP Bill MacDermid
|
|
Batting: LHB John Bergeron
|
0-0: Ball Dave MacAulay is caught stealing 2nd base 2-6
|
Top of the 6th over - 0 runs, 1 hit, 0 errors, 0 left on base; University of Maine 2 - University of Miami 3 |
BOTTOM OF THE 6TH |
University of Miami Hurricanes batting - Pitching for University of Maine Black Bears : RHP Jim Hodder
|
Batting: RHB C.J. Fleet
|
0-0: Called Strike 0-1: Swinging Strike 0-2: Ground out 1-3 (Groundball, 34S, EV 75.0 MPH)
|
Batting: LHB Juan Zuniga
|
0-0: Ball 1-0: Foul Ball, location: 2F 1-1: Foul Ball, location: 2F 1-2: Strikes out swinging
|
Batting: LHB Addergoole Kartosuwiryo
|
0-0: Called Strike 0-1: Swinging Strike 0-2: Ball 1-2: Ball 2-2: Foul Ball, location: 2F 2-2: Ball 3-2: Foul Ball, location: 2F 3-2: Foul Ball, location: 2F 3-2: Base on Balls
|
Pitching: RHP Abera Koude
|
|
Batting: RHB Justin Jackson
|
0-0: Called Strike Addergoole Kartosuwiryo is caught stealing 2nd base 2-4
|
Bottom of the 6th over - 0 runs, 0 hits, 0 errors, 0 left on base; University of Maine 2 - University of Miami 3 |
TOP OF THE 7TH |
University of Maine Black Bears batting - Pitching for University of Miami Hurricanes : LHP Bill MacDermid
|
Batting: LHB John Bergeron
|
0-0: Foul Ball, location: 2F 0-1: Swinging Strike 0-2: Ball 1-2: SOLO HOME RUN (Flyball, 8RXD, EV 110.0 MPH), Distance : 448 ft
|
Batting: RHB Rewa Havika
|
0-0: Called Strike 0-1: SOLO HOME RUN (Flyball, 9D, EV 93.8 MPH), Distance : 352 ft
|
Batting: RHB Geoffrey Gonzalez
|
0-0: Ball 1-0: Fly out, F2 (Popup, 5SF, EV 80.6 MPH)
|
Batting: RHB Justin Degon
|
0-0: Fly out, F6 (Popup, 6MS, EV 80.6 MPH)
|
Batting: RHB Wang Huan
|
0-0: Called Strike 0-1: Ball 1-1: Ground out 3-1 (Groundball, 34, EV 92.5 MPH)
|
Top of the 7th over - 2 runs, 2 hits, 0 errors, 0 left on base; University of Maine 4 - University of Miami 3 |
BOTTOM OF THE 7TH |
University of Miami Hurricanes batting - Pitching for University of Maine Black Bears : RHP Abera Koude
|
Now in RF: John Knox
|
|
Batting: RHB Justin Jackson
|
0-0: Ball 1-0: Foul Ball, location: 2F 1-1: Foul Ball, location: 2F 1-2: Foul Ball, location: 2F 1-2: Ball 2-2: Ground out 6-3 (Groundball, 6S, EV 84.4 MPH)
|
Pinch Hitting: RHB Drew Morgenstern
|
0-0: Ball 1-0: Ball 2-0: Foul Ball, location: 2F 2-1: Ball 3-1: Base on Balls
|
Batting: LHB Jose Lopez
|
0-0: Called Strike 0-1: Ball 1-1: Foul Ball, location: 2F 1-2: Ball 2-2: Ball 3-2: Fielders Choice at 2nd, 4-6 (Groundball, 34, EV 85.0 MPH)
|
Batting: RHB Luis Sanchez
|
0-0: Fly out, F6 (Popup, P, EV 88.8 MPH)
|
Bottom of the 7th over - 0 runs, 0 hits, 0 errors, 1 left on base; University of Maine 4 - University of Miami 3 |
TOP OF THE 8TH |
University of Maine Black Bears batting - Pitching for University of Miami Hurricanes : LHP Bill MacDermid
|
Pitching: RHP Terry Johnson
|
|
Now at 2B: Drew Morgenstern
|
|
Batting: RHB Bryan Douglas
|
0-0: Ball 1-0: Called Strike 1-1: Called Strike 1-2: Foul Ball, location: 2F 1-2: Foul Ball, location: 2F 1-2: Ball 2-2: Foul Ball, location: 2F 2-2: Strikes out swinging
|
Batting: RHB Frank Gould
|
0-0: Foul Ball, location: 2F 0-1: Ball 1-1: Swinging Strike 1-2: Strikes out looking
|
Batting: SHB Ron Handford
|
0-0: Swinging Strike 0-1: SINGLE (Groundball, 34D, EV 95.6 MPH)
|
Batting: RHB Dave MacAulay
|
0-0: Called Strike 0-1: Fly out, F9 (Flyball, 9, EV 88.1 MPH)
|
Top of the 8th over - 0 runs, 1 hit, 0 errors, 1 left on base; University of Maine 4 - University of Miami 3 |
BOTTOM OF THE 8TH |
University of Miami Hurricanes batting - Pitching for University of Maine Black Bears : RHP Abera Koude
|
Pitching: RHP Tom Neft
|
|
Batting: RHB Sam Costello
|
0-0: Swinging Strike 0-1: Fly out, F9 (Line Drive, 9, EV 91.2 MPH)
|
Batting: RHB Leonardo Morales
|
0-0: Ball 1-0: Swinging Strike 1-1: Ball 2-1: Hit by Pitch
|
Batting: RHB C.J. Fleet
|
0-0: Swinging Strike 0-1: Ground out 6-3 (Groundball, 56S, EV 71.2 MPH) Leonardo Morales to second
|
Batting: LHB Juan Zuniga
|
0-0: SINGLE (Flyball, 9, EV 86.2 MPH) Leonardo Morales to third Throwing error, E9 Leonardo Morales scores Juan Zuniga to second
|
Batting: LHB Addergoole Kartosuwiryo
|
0-0: Foul Ball, location: 2F 0-1: Fly out, F9 (Flyball, 9S, EV 86.9 MPH)
|
Bottom of the 8th over - 1 run, 1 hit, 1 error, 1 left on base; University of Maine 4 - University of Miami 4 |
TOP OF THE 9TH |
University of Maine Black Bears batting - Pitching for University of Miami Hurricanes : RHP Terry Johnson
|
Batting: LHB John Knox
|
0-0: Called Strike 0-1: Ball 1-1: Foul Ball, location: 2F 1-2: Ball 2-2: Ball 3-2: Fly out, F8 (Flyball, 8LM, EV 81.9 MPH)
|
Batting: RHB Rewa Havika
|
0-0: Swinging Strike 0-1: Ball 1-1: Swinging Strike 1-2: Foul Ball, location: 2F 1-2: Foul Ball, location: 2F 1-2: Foul Ball, location: 2F 1-2: Ball 2-2: Ball 3-2: Base on Balls
|
Batting: RHB Geoffrey Gonzalez
|
0-0: Ball 1-0: Bunted foul 1-1: Sac Bunt to 23 - play at first, batter OUT! 3-4 Rewa Havika to second
|
Batting: RHB Justin Degon
|
0-0: Intentional Walk
|
Batting: RHB Wang Huan
|
0-0: Swinging Strike 0-1: Ball 1-1: Foul Ball, location: 2F 1-2: Foul Ball, location: 2F 1-2: Ground out 1-3 (Groundball, 15S, EV 75.0 MPH)
|
Top of the 9th over - 0 runs, 0 hits, 0 errors, 2 left on base; University of Maine 4 - University of Miami 4 |
BOTTOM OF THE 9TH |
University of Miami Hurricanes batting - Pitching for University of Maine Black Bears : RHP Tom Neft
|
Pinch Hitting: SHB Taylor Shelton
|
0-0: Ball 1-0: Foul Ball, location: 2F 1-1: Ball 2-1: Foul Ball, location: 2F 2-2: Foul Ball, location: 2F 2-2: Ball 3-2: Foul Ball, location: 2F 3-2: Foul Ball, location: 2F 3-2: Foul Ball, location: 2F 3-2: Foul Ball, location: 2F 3-2: Base on Balls
|
Batting: RHB Drew Morgenstern
|
0-0: Ball 1-0: Ball 2-0: Ball 3-0: Called Strike 3-1: Called Strike 3-2: DOUBLE (Line Drive, 8RXD, EV 96.9 MPH) Taylor Shelton to third
|
Batting: LHB Jose Lopez
|
0-0: Intentional Walk
|
Pitching: RHP Nick Wagner
|
|
Pinch Hitting: LHB Dennis Jones
|
0-0: Ball 1-0: Called Strike 1-1: Called Strike 1-2: Ball Wild Pitch! Taylor Shelton scores
|
Bottom of the 9th over - 1 run, 1 hit, 0 errors, 2 left on base; University of Maine 4 - University of Miami 5 |
|